 Dungeon Crawl Stone Soup version 0.20-a0-513-g02c11fc (webtiles) character file.

1038207 M4edhros the End of an Era (level 27, -9/291 HPs)
             Began as a Formicid Arcane Marksman on Jan 23, 2017.
             Was the Champion of Qazlal.
             Mangled by Uhim the pandemonium lord (15 damage)
             ... in Pandemonium.
             The game lasted 04:53:39 (83117 turns).

M4edhros the End of an Era (FoAM)                  Turns: 83117, Time: 04:53:40

Health: -9/291     AC: 34    Str: 19    XL:     27
Magic:  19/44      EV: 42    Int: 17    God:    Qazlal [******]
Gold:   8300       SH: 40    Dex: 24    Spells: 3/60 levels left

rFire    + + .     SeeInvis +   o - +7 halberd of Turmoil {holy, *Drain +Blink rPois}
rCold    + + .     Gourm    .   (armour currently unavailable)
rNeg     + + +     Faith    .   Y - +8 large shield
rPois    ∞         Spirit   .   (helmet unavailable)
rElec    +         Reflect  .   h - +2 ratskin cloak {rPois rN+ Int-1 Dex-1}
rCorr    .         Harm     .   (gloves currently unavailable)
MR       ++...     Clarity  +   (boots currently unavailable)
Stlth    +.........             v - amulet "Yczid" {-Tele rC+ Regen+ Str+3 Int+2}
Regen    2.0/turn               O - ring "Piquab" {rElec rF++ rN+ Stlth-}
                                q - ring of Shaolin {EV+8}

@: agile, statue-form, protected from physical damage, regenerating, repel
missiles, very slow
A: permanent stasis, dig shafts and tunnels, four strong arms, antennae 3, beak,
hooves 1, camouflage 1, clarity, cold resistance 1
}: 8/15 runes: serpentine, barnacled, slimy, silver, iron, icy, bone, abyssal
a: Dig, Shaft Self, End Transformation, Upheaval, Elemental Force, Disaster
Area, Renounce Religion


You were in Pandemonium.
You worshipped Qazlal.
Qazlal was exalted by your worship.
You were not hungry.
You were a stone statue.
You visited 15 branches of the dungeon, and saw 76 of its levels.
You visited Pandemonium 1 time, and saw 1 of its levels.
You visited the Abyss 1 time.
You visited 1 ziggurat, and saw 11 of its levels.
You also visited: Labyrinth, Trove and Bailey.

You collected 14193 gold pieces.
You spent 5893 gold pieces at shops.

Inventory:

Hand Weapons
 f - a +7 triple crossbow of venom
 o - the +7 halberd of Turmoil (weapon) {holy, *Drain +Blink rPois}
   (You found it on level 5 of the Pits of Slime)

   It has been blessed by the Shining One to cause great damage to the undead
   and demons.
   It protects you from poison.
   It lets you blink.
   It causes draining when unequipped.
 p - a +9 vampiric lajatang
 y - the +7 longbow "Piercer" {penet, EV-2}
   (You found it on level 5 of the Vaults)

   Ammo fired by it will pass through the targets it hits, potentially hitting
   all targets in its path until it reaches maximum range.
   It affects your evasion (-2).
 A - the +10 morningstar "Eos" {elec, Halo rElec}
   (You found it on level 7 of Tartarus)

   Occasionally, upon striking a foe, it will discharge some electrical energy
   and cause terrible harm.
   It insulates you from electricity.
 U - the +8 whip "Snakebite" {curare, rPois}
   (You found it on level 5 of the Lair of Beasts)

   It poisons the flesh of those it strikes.
   It protects you from poison.
Missiles
 c - 1406 arrows
 n - 1833 bolts
Armour
 d - the +0 pair of boots of Rurphias (melded) {rN+ MR+}
   (You acquired it on level 3 of the Shoals)

   It protects you from negative energy.
   It affects your resistance to hostile enchantments.
 h - the +2 ratskin cloak (worn) {rPois rN+ Int-1 Dex-1}
   (You acquired it on level 5 of the Vaults)

   It affects your intelligence (-1).
   It affects your dexterity (-1).
   It protects you from poison.
   It protects you from negative energy.
 i - the +2 pair of gloves "Ocyahoco" (melded) {*Slow rC++ rCorr Slay+4}
   (You found it on level 2 of the Lair of Beasts)

   It affects your accuracy and damage with ranged weapons and melee attacks
   (+4).
   It greatly protects you from cold.
   It protects you from acid and corrosion.
   It may slow you when you take damage.
 j - the +13 ice dragon scales "Fimauziu" (melded) {*Contam rF- rC++ Int+4}
   (You found it on level 8 of the Dungeon)

   It affects your intelligence (+4).
   It makes you vulnerable to fire.
   It greatly protects you from cold.
   It causes magical contamination when unequipped.
 t - a +2 shield of fire resistance
 Y - a +8 large shield (worn)
Jewellery
 q - the ring of Shaolin (left hand) {EV+8}
   (You found it on level 2 of the Lair of Beasts)

   [ring of evasion]

   It affects your evasion (+8).
 v - the amulet "Yczid" (around neck) {-Tele rC+ Regen+ Str+3 Int+2}
   (You found it on level 5 of the Vaults)

   [amulet of regeneration]

   It affects your strength (+3).
   It affects your intelligence (+2).
   It protects you from cold.
   It prevents most forms of teleportation.
   It increases your rate of regeneration.
 D - the ring of Freedom {+Inv +Fly rPois rC+}
   (You found it on level 4 of the Lair of Beasts)

   [ring of flight]

   It protects you from cold.
   It protects you from poison.
   It lets you turn invisible.
   It lets you fly.
 O - the ring "Piquab" (right hand) {rElec rF++ rN+ Stlth-}
   (You took it off a deep elf mage on level 3 of the Elven Halls)

   [ring of positive energy]

   It greatly protects you from fire.
   It insulates you from electricity.
   It protects you from negative energy.
   It makes you less stealthy.
Wands
 a - a wand of lightning (8/15)
 k - a wand of confusion (13/48)
 u - a wand of clouds (8/9)
 C - a wand of enslavement (8/24)
 I - a wand of lightning (7/15)
 P - a wand of disintegration (2/24)
 Q - a wand of paralysis (22/24)
Scrolls
 e - 2 scrolls of recharging
 g - 6 scrolls of fear
 s - 4 scrolls of magic mapping
 V - 5 scrolls of vulnerability
 W - a scroll of identify
 X - 10 scrolls of fog
Potions
 w - 3 potions of might
 x - 2 potions of cancellation
 G - 4 potions of magic
 H - 6 potions of resistance
 J - 7 potions of brilliance
 N - 9 potions of curing
 T - 2 potions of invisibility
Miscellaneous
 b - a lightning rod (4/4)
 z - the horn of Geryon
 B - 2 phantom mirrors
 L - a lamp of fire
 Z - 3 sacks of spiders
Comestibles
 l - 89 fruits
 r - 14 meat rations


   Skills:
 - Level 20.0 Fighting
 - Level 5.0(10.1) Maces & Flails
 * Level 17.4(18.9) Polearms
 - Level 13.2(17.1) Staves
   Level 7.9 Slings
 * Level 18.9 Bows
 - Level 10.3 Crossbows
 - Level 14.1 Armour
 + Level 16.1 Dodging
 + Level 21.6 Shields
 - Level 17.4 Spellcasting
 - Level 4.5 Conjurations
 - Level 7.3 Hexes
 - Level 8.0 Charms
 - Level 9.6 Summonings
 - Level 14.9 Necromancy
 - Level 8.1 Translocations
 * Level 14.3 Transmutations
   Level 12.0 Ice Magic
 - Level 5.0 Air Magic
 - Level 11.8 Earth Magic
 - Level 7.3 Poison Magic
 + Level 24.1 Invocations
 + Level 18.9 Evocations


You had 3 spell levels left.
You knew the following spells:

 Your Spells              Type           Power        Failure   Level  Hunger
a - Corona                Hex            #####..      1%          1    None
b - Portal Projectile     Tloc           #####.       1%          3    None
c - Mephitic Cloud        Conj/Pois/Air  ####....     1%          3    None
d - Inner Flame           Hex/Fire       ####....     2%          3    None
e - Summon Lightning Spi  Summ/Air       #####...     1%          4    None
f - Deflect Missiles      Chrm/Air       #####.....   50%         6    #####..
g - Spectral Weapon       Hex/Chrm       #####...     1%          3    None
h - Regeneration          Chrm/Necr      ######....   1%          3    None
i - Song of Slaying       Chrm           #####...     1%          2    None
j - Shroud of Golubria    Chrm/Tloc      #####.....   1%          2    None
k - Summon Forest         Summ/Tloc      #####.....   3%          5    ###....
l - Darkness              Hex            #####.....   34%         6    #####..
m - Statue Form           Tmut/Erth      ######...    3%          6    #####..
n - Yara's Violent Unrav  Hex/Tmut       ######....   1%          5    ###....
o - Aura of Abjuration    Summ           #####.....   1%          5    ###....


Dungeon Overview and Level Annotations

Branches:
Dungeon (15/15)            Temple (0/1) D:7            Lair (6/6) D:8
 Shoals (4/4) Lair:2        Snake (4/4) Lair:3        Slime (5/5) Lair:6
    Orc (2/2) D:12            Elf (3/3) Orc:2        Vaults (5/5) D:14
  Crypt (3/3) Vaults:3       Tomb (0/3) Crypt:3      Depths (5/5) D:15
   Hell (1/1)                 Dis (7/7) Hell            Geh (0/7) Hell
    Coc (7/7) Hell            Tar (7/7) Hell            Zot (2/5) Depths:5

Altars:
Ashenzari
Dithmenos
Elyvilon
Gozag
Nemelex Xobeh
Qazlal
Ru
Trog
Uskayaw
Vehumet
Xom
Yredelemnul
Zin
The Shining One
Beogh

Shops:
D:9 *   Orc:2 ?!}*   Snake:1 ?([:   Snake:2 [}[*}   Snake:3 =   Snake:4 !
Vaults:1 (   Vaults:4 %:   Depths:1 ?   Depths:3 ==}

Portals:
Hell: Depths:1 Depths:2 Depths:3 Depths:4 Depths:5
Abyss: Depths:2 Depths:3 Depths:4 Depths:5
Pandemonium: Depths:1 Depths:3

Annotations:
D:4 eskilway's ghost, amateur MiBe
Elf:2 2 runed doors


Innate Abilities, Weirdness & Mutations

You cannot be hasted, slowed, berserked, paralysed or teleported.
You can dig through walls and to a lower floor.
Your four strong arms can wield two-handed weapons with a shield.
You have a pair of large antennae on your head. (SInv)
You have a beak for a mouth.
You have large cloven feet.
Your skin changes colour to match your surroundings (Stealth+).
You possess an exceptional clarity of mind.
Your flesh is cold resistant. (rC+)


Message History

You feel more protected from physical attacks.
The Executioner hits you but does no damage. x2
A ghost moth and an Executioner come into view.
Unknown command.
Unknown command.
Unknown command.
Unknown command.
You feel agile all of a sudden. You block Uhim's attack.
You block the Executioner's attack.
The Executioner hits you but does no damage.
You block the Executioner's attack. Uhim hits you!
* * * LOW HITPOINT WARNING * * *
You feel more protected from physical attacks.
Space warps horribly around you!
* * * LOW HITPOINT WARNING * * *
The Executioner completely misses you. The Executioner misses you.
You block the Executioner's attack. Uhim hits you!!
* * * LOW HITPOINT WARNING * * *
Space warps horribly around you!
You die...

#.........# #♣...
#.........# #....
#.........# ....
#.........# #..
##...##...# .
#..#######.####...#
...6#...≈.H§1.§..#....#
..♣≈≈.≈6≈..1§§§..#....#
...6$y4≈≈)2&8§...#....#
..###≈16#..H##...##...#
##♣########.###...#
..{...{.#.........#
.......{'.........#
........#.........#
.####...###..##...#
##### #########


You could see Uhim, a Tzitzimitl, a ghost moth (inner flame), a monstrous black
sun (berserk), 2 Executioners, a blizzard demon, a gelid blood saint, a chaos
spawn and 2 friendly mutant beasts.

Vanquished Creatures
  Antaeus (Coc:7)
  the Royal Jelly (Slime:5)
  Ereshkigal (Tar:7)
  A pandemonium lord (Zig:11)
  Dispater (Dis:7)
  4 ancient liches
  Mara (Crypt:3)
  3 juggernauts
  A Killer Klown (Zig:5)
  7 shard shrikes
  Vashnia (Snake:2)
  Saint Roka (Orc:2)
  Xtahua (Crypt:2)
  A caustic shrike (Zig:9)
  The ghost of Geomchi the Convoker, a veteran HuSu of Sif Muna (Zot:1)
  Jory (Crypt:2)
  7 golden dragons
  the Enchantress (Depths:2)
  21 bone dragons
  Geryon (Hell)
  11 doom hounds
  A shard shrike zombie (Crypt:2)
  25 Tzitzimimeh
  5 Brimstone Fiends (Dis:7)
  Jorgrun (Vaults:1)
  9 iron giants
  6 liches
  2 hellephants (Zig:9)
  6 tentacled monstrosities
  7 Hell Sentinels
  16 Ice Fiends
  Rupert (Lair:3)
  5 titans
  2 deep elf blademasters
  10 quicksilver dragons
  2 deep elf master archers (Elf:3)
  The ghost of HagarQim the Impaler, an adept DsGl of Qazlal (Depths:4)
  2 krakens
  Polyphemus (Shoals:3)
  Murray (Depths:5)
  18 ancient champions
  3 tentacled starspawn (Abyss:5)
  5 death cobs (Zot:1)
  Frances (Snake:1)
  7 Executioners
  The ghost of M4edhros the Unseen, an adept OpAr of Fedhas (Elf:3)
  30 acid blobs
  2 sphinxes
  2 eldritch tentacles
  Kirke (D:15)
  8 tengu reavers
  2 thorn hunters (Depths:2)
  Ilsuiw (Shoals:4)
  10 shadow dragons
  2 revenants
  18 fire giants
  13 storm dragons
  3 warmongers (Zig:11)
  5 nagarajas (Snake:4)
  2 draconian monks
  23 azure jellies
  An orc warlord (Orc:1)
  A frost giant (shapeshifter) (Zig:5)
  12 frost giants
  9 iron dragons
  6 draconian knights
  Aizul (Vaults:4)
  4 cacodemons
  3 ghost moths
  7 deep elf sorcerers
  58 reapers
  4 draconian shifters
  3 draconian scorchers
  Louise (D:14)
  A curse skull (Crypt:1)
  30 vault wardens
  3 draconian annihilators
  7 balrugs
  A stone giant (shapeshifter) (Zig:5)
  6 deep elf elementalists
  3 ghouls
  21 ironheart preservers
  3 spriggan defenders (Depths:2)
  The ghost of nago the Carver, an adept VSFi of Elyvilon (D:15)
  6 elemental wellsprings
  17 very ugly things
  8 vampire knights
  22 large abominations
  21 stone giants
  13 deep elf annihilators
  A blood saint (Zig:11)
  29 war gargoyles
  2 entropy weavers
  A lorocyproca (Dis:7)
  17 deep elf demonologists
  4 green draconians
  Nessos (D:15)
  10 spark wasps
  A black sun (Zig:11)
  4 red draconians
  4 black draconians
  A purple draconian (Depths:5)
  The ghost of eskilway the Brawler, a journeyman TrMo of Okawaru (D:11)
  2 white draconians
  3 yellow draconians
  6 merfolk javelineers
  2 green deaths (Dis:7)
  16 small abominations
  19 deep elf death magi
  16 ettins
  3 crystal guardians (Crypt:3)
  15 death oozes
  8 fire dragons
  2 eidola
  13 deep elf high priests
  16 merfolk impalers
  31 blizzard demons
  5 quicksilver dragon zombies
  Josephine (D:15)
  A minotaur (Lab)
  2 kraken zombies (Hell)
  15 yaktaur captains
  8 jiangshi
  10 great orbs of eyes
  2 spectral krakens (Tar:7)
  Harold (Lair:4)
  38 vault guards
  5 quicksilver dragon skeletons
  31 ice dragons
  6 rakshasas
  Erolcha (D:12)
  3 catoblepae
  21 naga warriors
  15 centaur warriors
  6 hydras
  26 ogre magi
  4 spriggan air magi
  A ghost crab (Tar:7)
  4 alligator snapping turtles
  3 anacondas
  Erica (D:8)
  2 hell beasts (Dis:7)
  3 satyrs (Shoals:4)
  77 two-headed ogres
  5 death knights
  11 deep troll earth magi
  2 merfolk avatars
  5 merfolk aquamancers
  22 death yaks
  10 titan zombies
  13 hell hogs
  15 tengu warriors
  A queen ant (Lair:3)
  Urug (D:12)
  5 thrashing horrors (Abyss:5)
  10 deep troll shamans
  26 dancing weapons
  An orc high priest (Elf:1)
  11 vampire magi
  9 shock serpents
  30 soul eaters
  24 naga sharpshooters
  6 storm dragon zombies
  11 spriggan berserkers
  29 hell knights
  Sonja (D:12)
  5 iron golems
  34 deep elf knights
  12 sun demons
  2 titan skeletons
  A fire crab (shapeshifter) (Vaults:1)
  17 iron trolls
  3 shadow wraiths
  3 wretched stars
  162 skeletal warriors
  A death drake (Tar:1)
  2 sixfirhies
  2 salamander mystics
  2 spatial maelstroms (Abyss:5)
  43 deep trolls
  A deep troll (shapeshifter) (Depths:3)
  4 golden dragon zombies
  2 quicksilver dragon simulacra (Depths:4)
  12 anaconda zombies
  An orange crystal statue (Zig:9)
  24 shadow demons
  An unseen horror (shapeshifter) (Vaults:5)
  A spark wasp zombie (Zig:6)
  4 storm dragon skeletons
  A swamp dragon (shapeshifter) (Depths:3)
  26 deep elf archers
  8 flayed ghosts
  15 sea snakes
  7 glowing orange brains
  9 unseen horrors
  3 ghost moth zombies
  22 orc knights
  5 wizards
  Pikel (D:6)
  11 shadow dragon zombies
  A kraken simulacrum (Hell)
  16 necromancers
  5 anaconda skeletons
  2 lindwurms (Lair:6)
  6 naga ritualists (Snake:4)
  68 deep elf magi
  2 wolf spider zombies (Dis:7)
  5 frost giant zombies
  12 ironbrand convokers
  3 golden dragon skeletons
  3 iron dragon zombies
  5 stone giant zombies
  43 ugly things
  2 shadow dragon skeletons
  8 mana vipers
  19 phantasmal warriors
  A wolf spider (shapeshifter) (Depths:4)
  13 salamanders
  36 harpies
  7 shining eyes
  4 orc sorcerers
  A salamander (shapeshifter) (Elf:2)
  14 cyclopes
  22 manticores
  8 fauns (Shoals:1)
  3 shining eyes (shapeshifter)
  3 elephants
  6 wolf spiders
  A manticore (shapeshifter) (Vaults:4)
  8 fire giant zombies
  4 frost giant skeletons
  6 ice statues
  11 moths of wrath (Zot:1)
  9 merfolk sirens
  5 guardian serpents
  33 rust devils
  8 dire elephant zombies
  5 fire giant skeletons
  4 stone giant skeletons
  29 naga magi
  3 smoke demons
  Psyche (D:8)
  26 black mambas
  A spriggan zombie (Zig:6)
  24 vault sentinels
  8 water nymphs
  2 apocalypse crabs
  An eye of devastation (shapeshifter) (Vaults:5)
  17 spiny frogs
  4 molten gargoyles
  2 iron dragon skeletons
  2 black mambas (shapeshifter)
  5 eyes of devastation
  7 gargoyles
  3 dire elephant skeletons
  14 hellions
  6 spectral swamp worms (Tar:7)
  2 orange demons
  2 emperor scorpion zombies
  A rime drake (shapeshifter) (Depths:2)
  An elephant slug zombie (Crypt:2)
  3 kobold demonologists
  A storm dragon simulacrum (Vaults:3)
  4 komodo dragons
  4 rime drakes
  45 freezing wraiths
  A ghost moth simulacrum (Crypt:1)
  2 yaktaur skeletons
  65 yaktaurs
  35 ice devils
  4 demonic crawlers
  54 tormentors
  5 efreet
  A hellwing (Pan)
  2 ancient zymes (Abyss:5)
  2 jumping spiders
  25 trolls
  14 red devils
  11 wind drakes
  7 harpy zombies
  9 tengu conjurers
  A tyrant leech (shapeshifter) (Vaults:5)
  3 hydra skeletons
  9 hornets
  A meliai (shapeshifter) (Depths:2)
  2 wind drakes (shapeshifter)
  28 merfolk
  15 hydra zombies
  6 polar bears
  Prince Ribbit (D:6)
  A troll (shapeshifter) (Vaults:4)
  15 hippogriffs
  9 ettin zombies
  5 bog bodies (Coc:7)
  A harpy skeleton (Coc:4)
  9 raiju
  6 silent spectres
  A hippogriff (shapeshifter) (Vaults:4)
  12 blink frogs
  8 alligator zombies
  96 slime creatures
  14 snapping turtles
  4 ice dragon zombies
  14 dream sheep
  An iron dragon simulacrum (Coc:7)
  2 fire dragon zombies
  32 shadows
  A vampire (D:14)
  3 alligator skeletons
  112 flying skulls
  A black mamba zombie (Coc:7)
  11 redbacks
  A ynoxinul (Zig:11)
  7 ettin skeletons
  3 fire dragon skeletons
  An ice dragon skeleton (Tar:7)
  3 spriggans (Depths:2)
  A tarantella (Zig:7)
  Sigmund (D:4)
  11 air elementals
  A tarantella (shapeshifter) (Vaults:5)
  A hog (shapeshifter) (Vaults:3)
  30 water elementals
  26 wraiths
  29 yaks
  6 wyverns
  2 black mamba skeletons
  5 basilisks
  6 hogs
  A human (shapeshifter) (Vaults:4)
  A basilisk (shapeshifter) (Depths:1)
  15 fire elementals
  A human (D:7)
  2 golden eyes (shapeshifter)
  8 hungry ghosts
  5 golden eyes
  5 chaos spawn
  A neqoxec (Abyss:5)
  A steam dragon (D:8)
  A vampire mosquito (D:14)
  Grum (D:8)
  The ghost of M4edhros the Vexing, an amateur FoAM of Qazlal (D:7)
  10 insubstantial wisps
  58 nagas
  A tengu zombie (Zig:6)
  5 wargs
  A merfolk zombie (Crypt:2)
  7 soldier ants
  2 acid dragons
  5 spatial vortices
  Menkaure (D:5)
  A hydra simulacrum (Coc:3)
  A naga (shapeshifter) (Vaults:5)
  25 water moccasins
  Duvessa (D:5)
  35 hell hounds
  2 floating eyes (shapeshifter)
  6 spiny frog zombies
  8 porcupines
  23 ice beasts
  6 eyes of draining
  6 spiny frog skeletons
  54 orc warriors
  4 snapping turtle zombies
  5 sky beasts
  2 swamp dragon zombies
  26 necrophages
  4 slaves
  10 phantoms
  A manticore skeleton (Coc:7)
  68 ogres
  6 ettin simulacra
  24 centaurs
  9 boggarts
  2 snapping turtle skeletons
  A swamp dragon skeleton (Tar:1)
  2 elephant skeletons
  20 wolves
  2 elf skeletons
  12 crocodiles
  A hog skeleton (Crypt:1)
  3 big kobolds
  A wyvern zombie (D:12)
  An elf zombie (Tar:7)
  22 bullfrogs
  A gnoll sergeant (D:3)
  3 human skeletons
  10 earth elementals
  A spiny frog simulacrum (Coc:6)
  Dowan (D:5)
  7 scorpions
  3 human simulacra
  10 killer bees
  A warg skeleton (Crypt:1)
  A manticore simulacrum (Coc:6)
  55 wights
  3 electric eels
  6 howler monkeys
  6 jellies
  2 lava snakes (D:10)
  2 bullfrog zombies (D:12)
  6 crimson imps
  A quasit (D:8)
  5 starcursed masses (Abyss:5)
  4 centaur zombies
  A demonspawn zombie (Crypt:1)
  14 hounds
  2 bullfrog skeletons
  A gnoll shaman (D:3)
  16 orc priests
  39 iron imps
  27 orc wizards
  6 centaur skeletons
  Jessica (D:2)
  7 iguanas
  A hell rat (Tar:3)
  6 lightning spires
  30 worker ants
  An ogre zombie (Crypt:3)
  An ogre skeleton (Tar:1)
  A demigod skeleton (Crypt:2)
  A tengu skeleton (Coc:7)
  A naga skeleton (Tar:7)
  A hound zombie (D:8)
  A hound skeleton (Crypt:2)
  7 mummies
  4 worker ant zombies
  A steam dragon zombie (Crypt:1)
  45 gnolls
  17 adders
  8 shadow imps
  19 white imps
  4 oozes
  An adder zombie (D:5)
  2 adder skeletons (D:6)
  7 worms
  3 dart slugs (D:1)
  A leopard gecko (shapeshifter) (Vaults:5)
  6 leopard geckos
  129 orcs
  7 giant cockroaches
  12 goblins
  8 hobgoblins
  28 jackals
  4 quokkas
  A ball python (D:3)
  8 bats
  4 frilled lizards
  15 kobolds
  2 kobold skeletons
  3 kobold zombies
  3 leopard gecko skeletons
  2 orc skeletons
  7 rats
  2 butterflies
  3 crawling corpses
  3 fire vortices (Depths:2)
  A snaplasher vine (Dis:7)
  A spectral weapon (Tar:7)
  A starspawn tentacle (Abyss:5)
  13 tentacles
4436 creatures vanquished.

Vanquished Creatures (collateral kills)
  the Serpent of Hell (Coc:7)
  A bone dragon (Coc:7)
  An acid blob (Slime:5)
  An azure jelly (Slime:5)
  4 death oozes (Slime:5)
  A stone giant skeleton (Coc:7)
  A water nymph (Shoals:4)
  A flying skull (Coc:7)
  An alligator skeleton (Coc:7)
  A soldier ant (Lair:3)
13 creatures vanquished.

Vanquished Creatures (others)
  Margery (Depths:1)
  3 eldritch tentacles
  A storm dragon (Vaults:3)
  An elemental wellspring (Coc:7)
  An ironheart preserver (Vaults:4)
  2 war gargoyles
  2 deep elf demonologists
  A green draconian (Depths:5)
  A merfolk javelineer (Shoals:4)
  A spriggan air mage (Depths:5)
  A two-headed ogre (Zot:1)
  2 deep elf knights
  A phantasmal warrior (Vaults:5)
  A harpy (Shoals:4)
  A necromancer (Crypt:3)
  A manticore (D:8)
  A deep elf mage (Elf:1)
  A moth of wrath (Zot:1)
  A salamander (Snake:3)
  A large abomination (Abyss:5)
  A red devil (Abyss:5)
  A merfolk (Shoals:4)
  A bog body (Coc:7)
  5 dream sheep (Lair:6)
  A hippogriff (D:14)
  3 flying skulls
  An air elemental (Depths:5)
  3 water elementals (Depths:2)
  4 humans (D:15)
  An insubstantial wisp (Abyss:5)
  2 nagas
  A hell hound (Dis:3)
  An orc warrior (Vaults:1)
  2 ogres
  2 centaurs (D:8)
  2 boggarts (Depths:1)
  Blork the orc (D:5)
  2 orc priests
  2 iron imps
  An orc wizard (Orc:1)
  A lightning spire (Abyss:5)
  A white imp (Coc:7)
  4 orcs
  A hobgoblin (D:3)
  4 briar patches (Depths:2)
  A butterfly (Lair:6)
  4 fungi
  13 plants
  11 starspawn tentacles (Abyss:5)
  27 tentacles
129 creatures vanquished.

Grand Total: 4578 creatures vanquished

Notes
Turn   | Place    | Note
-------+----------+-------------------------------------------
     0 | D:1      | M4edhros the Formicid Arcane Marksman began the quest for the Orb.
     0 | D:1      | Reached XP level 1. HP: 15/15 MP: 2/2
     3 | D:1      | Noticed a six-headed hydra
   193 | D:1      | Reached XP level 2. HP: 21/21 MP: 3/3
   827 | D:2      | Reached XP level 3. HP: 26/26 MP: 4/4
   943 | D:2      | Found a sacrificial altar of Ru.
  1186 | D:2      | Found a shattered altar of Ashenzari.
  1285 | D:2      | Reached XP level 4. HP: 22/32 MP: 5/5
  1515 | D:2      | Noticed Jessica
  1517 | D:2      | Killed Jessica
  1517 | D:2      | Reached skill level 5 in Slings
  1729 | D:3      | Found a glowing golden altar of the Shining One.
  1754 | D:3      | Reached XP level 5. HP: 37/37 MP: 4/6
  1913 | D:3      | Found an opulent altar of Gozag.
  1945 | D:3      | Found a glowing silver altar of Zin.
  2292 | D:4      | Noticed Sigmund
  2309 | D:4      | Killed Sigmund
  2309 | D:4      | Reached skill level 1 in Shields
  2309 | D:4      | Reached XP level 6. HP: 19/44 MP: 7/7
  2615 | D:4      | Reached XP level 7. HP: 27/51 MP: 6/8
  2636 | D:4      | Noticed eskilway's ghost (amateur MiBe)
  2895 | D:5      | Entered Level 5 of the Dungeon
  3869 | D:6      | Found a bloodstained altar of Trog.
  3869 | D:6      | Found a stormy altar of Qazlal.
  3872 | D:6      | Noticed a water moccasin
  3885 | D:6      | Killed a water moccasin
  3885 | D:6      | Reached XP level 8. HP: 20/58 MP: 7/9
  3887 | D:6      | Gained mutation: You possess an exceptional clarity of mind. [potion of mutation]
  3887 | D:6      | Gained mutation: You are clumsy. (Dex -2) [potion of mutation]
  3887 | D:6      | Gained mutation: Your body sometimes deteriorates upon taking damage. [potion of mutation]
  4201 | D:6      | Became a worshipper of Qazlal Stormbringer
  5110 | D:3      | Reached * piety under Qazlal
  5572 | D:3      | Reached skill level 5 in Shields
  5738 | D:3      | Reached ** piety under Qazlal
  6198 | D:3      | Got a ripped robe
  6209 | D:3      | Identified the +1 robe of Misanthropy {+Fly rF+++ Regen+ Slay-5} (You took it off a gnoll on level 3 of the Dungeon)
  6209 | D:3      | rly...?
  6386 | D:4      | Reached skill level 1 in Polearms
  6386 | D:4      | Reached XP level 9. HP: 51/67 MP: 10/10
  6464 | D:5      | Learned a level 2 spell: Repel Missiles
  6468 | D:5      | Learned a level 3 spell: Mephitic Cloud
  6472 | D:5      | Learned a level 3 spell: Inner Flame
  6481 | D:5      | Noticed Blork the orc
  6489 | D:5      | Noticed Duvessa
  6489 | D:5      | Killed Blork the orc
  6490 | D:5      | Noticed Dowan
  6518 | D:5      | Killed Duvessa
  6518 | D:5      | Reached skill level 1 in Poison Magic
  6537 | D:5      | Killed Dowan
  6537 | D:5      | Reached skill level 5 in Fighting
  6537 | D:5      | Reached skill level 1 in Air Magic
  7266 | D:5      | Noticed Menkaure
  7270 | D:5      | Killed Menkaure
  7460 | D:5      | Noticed a moth of wrath
  7480 | D:5      | Found a bloodstained altar of Trog.
  7583 | D:5      | Found a white marble altar of Elyvilon.
  7868 | D:6      | Reached skill level 5 in Hexes
  7906 | D:6      | Noticed Prince Ribbit
  7925 | D:6      | Killed Prince Ribbit
  7930 | D:6      | Noticed Pikel
  8974 | D:6      | Reached *** piety under Qazlal
  8988 | D:6      | Killed Pikel
  8988 | D:6      | Reached skill level 5 in Poison Magic
  8988 | D:6      | Reached XP level 10. HP: 68/76 MP: 8/11
  9518 | D:6      | Reached skill level 5 in Dodging
  9621 | D:7      | Found a staircase to the Ecumenical Temple.
  9639 | D:7      | Gained mutation: Your spells are a little harder to cast, but a little more powerful. [mutagenic meat]
  9640 | D:7      | Gained mutation: You are weak. (Str -2) [mutagenic meat]
  9641 | D:7      | Lost mutation: You are weak. (Str -2) [mutagenic meat]
  9691 | D:7      | Noticed M4edhros's ghost (amateur FoAM)
  9888 | D:7      | Killed M4edhros's ghost
 10653 | D:7      | Reached skill level 1 in Invocations
 10902 | D:7      | Lost mutation: Your spells are a little harder to cast, but a little more powerful. [potion of mutation]
 10902 | D:7      | Gained mutation: Your mind is acute. (Int +2) [potion of mutation]
 10902 | D:7      | Gained mutation: You are surrounded by a mild repulsion field. (EV +2) [potion of mutation]
 10987 | D:7      | Reached skill level 2 in Invocations
 11263 | D:8      | Noticed Grum
 11283 | D:8      | Killed Grum
 11283 | D:8      | Reached XP level 11. HP: 52/81 MP: 12/12
 11315 | D:8      | Noticed a two-headed ogre
 11336 | D:8      | Reached **** piety under Qazlal
 11340 | D:8      | Killed a two-headed ogre
 11340 | D:8      | Reached skill level 5 in Polearms
 11361 | D:8      | Noticed Psyche
 11401 | D:8      | Reached skill level 3 in Invocations
 11407 | D:8      | Noticed a manticore
 11410 | D:8      | Killed a manticore
 11466 | D:8      | Got distressingly furry ice dragon scales
 11477 | D:8      | Identified the +13 ice dragon scales "Fimauziu" {*Contam rF- rC++ Int+4} (You found it on level 8 of the Dungeon)
 11526 | D:8      | Killed Psyche
 11526 | D:8      | Reached skill level 1 in Armour
 11581 | D:8      | Noticed Erica
 11937 | D:8      | Reached skill level 1 in Conjurations
 11942 | D:8      | Noticed a two-headed ogre
 11958 | D:8      | Killed a two-headed ogre
 11958 | D:8      | Reached skill level 4 in Invocations
 12093 | D:8      | Killed Erica
 12176 | D:8      | Found a sparkling altar of Nemelex Xobeh.
 12559 | D:8      | Found a staircase to the Lair.
 12826 | D:9      | Reached skill level 5 in Invocations
 12872 | D:9      | Noticed a purple ugly thing
 12888 | D:9      | Killed a purple ugly thing
 12898 | D:9      | Lost mutation: You are clumsy. (Dex -2) [mutagenic meat]
 12986 | D:9      | Found Ysmomu's General Store.
 12992 | D:9      | Bought a wand of iceblast (10/15) for 168 gold pieces
 12992 | D:9      | Bought a lamp of fire for 480 gold pieces
 13520 | D:10     | Entered Level 10 of the Dungeon
 13529 | D:10     | Got a transparent sapphire amulet
 13717 | D:10     | Reached XP level 12. HP: 71/91 MP: 16/16
 13721 | D:10     | Reached skill level 1 in Evocations
 14147 | D:10     | Identified the amulet of Conne {rPois rF+ rN++ Regen+ Int-2} (You found it on level 10 of the Dungeon)
 14316 | D:11     | Noticed eskilway's ghost (journeyman TrMo)
 14431 | D:11     | Noticed a two-headed ogre
 14449 | D:11     | Killed a two-headed ogre
 14449 | D:11     | Reached skill level 6 in Invocations
 14480 | D:11     | Noticed a soul eater
 14588 | D:11     | Noticed a two-headed ogre
 14599 | D:11     | Killed a two-headed ogre
 14604 | D:11     | Noticed a two-headed ogre
 14616 | D:11     | Killed a two-headed ogre
 14645 | D:11     | Killed eskilway's ghost
 15306 | D:12     | Noticed Sonja
 15311 | D:12     | Killed Sonja
 15311 | D:12     | Reached skill level 5 in Armour
 15435 | D:12     | Noticed Urug
 15451 | D:12     | Killed Urug
 15451 | D:12     | Reached ***** piety under Qazlal
 15483 | D:12     | Got an encrusted ring mail
 15484 | D:12     | Identified the +2 ring mail of Agnosticism {rElec MR+ MP+9} (You found it on level 12 of the Dungeon)
 15797 | D:12     | Noticed Erolcha
 15802 | D:12     | Killed Erolcha
 15802 | D:12     | Reached XP level 13. HP: 96/96 MP: 14/18
 15815 | D:12     | Gained mutation: Your spells are a little harder to cast, but a little more powerful. [potion of mutation]
 16002 | D:12     | Found a staircase to the Orcish Mines.
 16951 | D:13     | Reached skill level 10 in Shields
 17537 | D:14     | Reached skill level 10 in Armour
 17592 | D:14     | Noticed Louise
 17607 | D:14     | Noticed a centaur warrior
 17620 | D:14     | Killed Louise
 17634 | D:14     | Killed a centaur warrior
 17728 | D:14     | Noticed a seven-headed hydra
 17746 | D:14     | Noticed a centaur warrior
 17755 | D:14     | Killed a seven-headed hydra
 17755 | D:14     | Reached XP level 14. HP: 71/103 MP: 19/19
 18022 | D:14     | Found a gate to the Vaults.
 18109 | D:14     | Learned a level 4 spell: Cause Fear
 18227 | D:14     | Reached ****** piety under Qazlal
 18231 | D:14     | Gained mutation: You are partially covered in iridescent scales. (AC +2) [mutagenic meat]
 18232 | D:14     | Gained mutation: Your skin changes colour to match your surroundings (Stealth+). [mutagenic meat]
 18233 | D:14     | Gained mutation: You are frail. (-10% HP) [mutagenic meat]
 18421 | D:15     | Entered Level 15 of the Dungeon
 18421 | D:15     | Noticed nago's ghost (adept VSFi)
 18453 | D:15     | Noticed Kirke
 18467 | D:15     | Reached skill level 7 in Invocations
 18484 | D:15     | Killed Kirke
 18688 | D:15     | Noticed Josephine
 18713 | D:15     | Killed Josephine
 18788 | D:15     | Reached skill level 8 in Invocations
 18883 | D:15     | Found a labyrinth entrance.
 18893 | Lab      | Entered a labyrinth
 19130 | Lab      | Identified Sif Muna's Reference Book on Captivating Moulding
 19143 | Lab      | Identified the Catalogue of Translocation
 19196 | D:15     | Noticed Nessos
 19262 | D:15     | Killed Nessos
 19262 | D:15     | Reached skill level 5 in Air Magic
 19288 | D:15     | Gained mutation: You are partially covered in icy blue scales. (AC +2) [potion of beneficial mutation]
 19377 | D:15     | Got a twisted dagger
 19382 | D:15     | Noticed a fire giant
 19382 | D:15     | Found a staircase to the Depths.
 19408 | D:15     | Killed a fire giant
 19408 | D:15     | Reached skill level 5 in Evocations
 19408 | D:15     | Reached XP level 15. HP: 32/100 MP: 8/21
 19614 | Lair:1   | Entered Level 1 of the Lair of Beasts
 19848 | Lair:1   | Reached skill level 9 in Invocations
 20636 | Lair:2   | Got a pair of dazzling gloves
 20647 | Lair:2   | Identified the +2 pair of gloves "Ocyahoco" {*Slow rC++ rCorr Slay+4} (You found it on level 2 of the Lair of Beasts)
 20999 | Lair:2   | Found a staircase to the Shoals.
 21104 | Lair:3   | Noticed Rupert
 21125 | Lair:3   | Killed Rupert
 21312 | Lair:3   | Gained mutation: Your body often deteriorates upon taking damage. [potion of mutation]
 21312 | Lair:3   | Lost mutation: You possess an exceptional clarity of mind. [potion of mutation]
 21447 | Lair:3   | Found a staircase to the Snake Pit.
 21484 | Lair:3   | Reached skill level 5 in Spellcasting
 21821 | Lair:3   | Identified the +6 dagger "Pauh" {drain, rPois Int-4 Dex+2} (You found it on level 15 of the Dungeon)
 21854 | Snake:1  | Entered Level 1 of the Snake Pit
 21889 | Lair:4   | Noticed Harold
 21901 | Lair:4   | Killed Harold
 22029 | Lair:4   | Reached skill level 10 in Fighting
 22054 | Lair:4   | Reached skill level 10 in Invocations
 22162 | Lair:4   | Got a pitted quarterstaff
 22172 | Lair:4   | Got a fine plate armour
 22206 | Lair:4   | Gained mutation: You possess an exceptional clarity of mind. [potion of beneficial mutation]
 22208 | Lair:4   | Got a wavering wooden ring
 22210 | Lair:4   | Identified the ring of Freedom {+Inv +Fly rPois rC+} (You found it on level 4 of the Lair of Beasts)
 23121 | Lair:5   | Got a warped scale mail
 23306 | Lair:5   | Reached XP level 16. HP: 95/110 MP: 25/25
 23708 | Lair:6   | Entered Level 6 of the Lair of Beasts
 23816 | Lair:6   | Found a staircase to the Slime Pits.
 23838 | Lair:6   | Reached skill level 11 in Invocations
 23895 | Lair:6   | Identified the cursed +0 quarterstaff "Jellyslayer" {vamp, Dex+4} (You found it on level 4 of the Lair of Beasts)
 24256 | Lair:6   | Got a pitted rapier
 24258 | Lair:6   | Identified the +9 plate armour of Raugege {*Corrode rElec rPois Regen+} (You found it on level 4 of the Lair of Beasts)
 24400 | Lair:6   | Found a hide-covered altar of Uskayaw.
 24555 | Lair:6   | Found a shimmering altar of Xom.
 24757 | Lair:6   | Identified the +8 rapier "Orb Guardian's Doom" {flame, rF+ Int-3 Dex+3 SInv} (You found it on level 6 of the Lair of Beasts)
 25171 | Orc:1    | Entered Level 1 of the Orcish Mines
 25331 | Orc:1    | Found a flagged portal.
 25349 | Orc:1    | Learned a level 6 spell: Deflect Missiles
 25351 | Bailey   | Entered a bailey
 25598 | Orc:1    | Found a roughly hewn altar of Beogh.
 25856 | Orc:2    | Entered Level 2 of the Orcish Mines
 25861 | Orc:2    | Reached skill level 1 in Maces & Flails
 26111 | Orc:2    | Reached XP level 17. HP: 86/117 MP: 29/29
 26117 | Orc:2    | Reached skill level 12 in Invocations
 26163 | Orc:2    | Noticed Saint Roka
 26180 | Orc:2    | Killed Saint Roka
 26307 | Orc:2    | Found Cumum's Magic Scroll Shoppe.
 26307 | Orc:2    | Found Vuph's Gadget Boutique.
 26307 | Orc:2    | Found Zezxasum's Distillery.
 26307 | Orc:2    | Found Gor Aneps's General Store.
 26315 | Orc:2    | Bought a scroll of identify for 24 gold pieces
 26315 | Orc:2    | Bought a scroll of fog for 24 gold pieces
 26315 | Orc:2    | Bought a scroll of immolation for 42 gold pieces
 26315 | Orc:2    | Identified the cursed +1 scale mail of Qazlal's Supremacy {rC- Regen+ Dex+8 Stlth-} (You found it on level 5 of the Lair of Beasts)
 26318 | Orc:2    | Bought a potion of curing for 42 gold pieces
 26318 | Orc:2    | Bought a potion of curing for 42 gold pieces
 26318 | Orc:2    | Bought a potion of mutation for 35 gold pieces
 26318 | Orc:2    | Bought a potion of curing for 42 gold pieces
 26318 | Orc:2    | Bought a potion of curing for 42 gold pieces
 26318 | Orc:2    | Gained mutation: Your magical capacity is low. (-10% MP) [potion of mutation]
 26320 | Orc:2    | Bought a scroll of enchant weapon for 112 gold pieces
 26320 | Orc:2    | Bought a scroll of enchant weapon for 112 gold pieces
 26320 | Orc:2    | Bought a scroll of identify for 30 gold pieces
 26435 | Orc:2    | Found a staircase to the Elven Halls.
 26988 | Snake:1  | Reached skill level 1 in Staves
 27011 | Snake:1  | Found Folotage's Weapon Boutique.
 27014 | Snake:1  | Found Xynnigh's Book Shop.
 27014 | Snake:1  | Found Jilack's Magic Scroll Boutique.
 27067 | Snake:1  | Found Olala's Armour Shop.
 27077 | Snake:1  | Bought a book of Battle for 560 gold pieces
 27081 | Snake:1  | Learned a level 3 spell: Spectral Weapon
 27122 | Snake:1  | Bought a scroll of identify for 26 gold pieces
 27122 | Snake:1  | Bought a scroll of fear for 45 gold pieces
 27122 | Snake:1  | Bought a scroll of identify for 26 gold pieces
 27233 | Snake:1  | Reached skill level 5 in Maces & Flails
 27238 | Snake:1  | Learned a level 3 spell: Regeneration
 27241 | Snake:1  | Learned a level 2 spell: Song of Slaying
 27255 | Snake:1  | Learned a level 2 spell: Shroud of Golubria
 28092 | Snake:2  | Noticed Vashnia
 28096 | Snake:2  | Noticed Frances
 28118 | Snake:1  | Killed Frances
 28163 | Snake:2  | Killed Vashnia
 28163 | Snake:2  | Reached XP level 18. HP: 124/124 MP: 28/28
 28184 | Snake:2  | Reached skill level 13 in Invocations
 28259 | Snake:2  | Found Feboisaf's Antique Armour Emporium.
 28302 | Snake:2  | Found Kuolofom's Gadget Boutique.
 28317 | Snake:2  | Found Muqivuss's Armour Emporium.
 28547 | Snake:2  | Got a fine tin amulet
 28565 | Snake:2  | Found Eghiqugi's Assorted Antiques.
 28570 | Snake:2  | Bought a scroll labeled COEGIE QISY for 34 gold pieces
 28570 | Snake:2  | Bought a scroll labeled ZISCHO ZO GAOCS for 34 gold pieces
 28630 | Snake:2  | Found Huefexug's Gadget Shoppe.
 28851 | Snake:3  | Reached skill level 1 in Charms
 28879 | Snake:3  | Reached skill level 1 in Necromancy
 29040 | Snake:3  | Found Umys's Jewellery Shoppe.
 29723 | Snake:3  | Identified the amulet of Kez Dyaj {Spirit *Drain rC+ Int+3} (You found it on level 2 of the Snake Pit)
 29766 | Snake:4  | Entered Level 4 of the Snake Pit
 29822 | Snake:4  | Reached skill level 5 in Staves
 29878 | Snake:4  | Found Bera's Distillery.
 29903 | Snake:4  | Reached skill level 10 in Spellcasting
 29908 | Snake:4  | Bought a potion of curing for 48 gold pieces
 29908 | Snake:4  | Bought a potion of curing for 48 gold pieces
 29908 | Snake:4  | Bought a potion of curing for 48 gold pieces
 29908 | Snake:4  | Bought a potion of heal wounds for 80 gold pieces
 29908 | Snake:4  | Bought a potion of experience for 800 gold pieces
 29908 | Snake:4  | Bought a potion of invisibility for 128 gold pieces
 29908 | Snake:4  | Bought a potion of curing for 48 gold pieces
 29908 | Snake:4  | Reached XP level 19. HP: 121/129 MP: 29/29
 30055 | Snake:4  | Reached skill level 5 in Necromancy
 30425 | Snake:4  | Lost mutation: Your spells are a little harder to cast, but a little more powerful. [mutagenic meat]
 30426 | Snake:4  | Lost mutation: You are frail. (-10% HP) [mutagenic meat]
 30427 | Snake:4  | Lost mutation: You are partially covered in icy blue scales. (AC +2) [mutagenic meat]
 30428 | Snake:4  | Gained mutation: You are agile. (Dex +2) [mutagenic meat]
 30467 | Snake:4  | Reached skill level 5 in Charms
 30467 | Snake:4  | Reached XP level 20. HP: 122/151 MP: 29/30
 30691 | Snake:4  | Gained mutation: You are frail. (-10% HP) [mutagenic meat]
 30692 | Snake:4  | Lost mutation: Your magical capacity is low. (-10% MP) [mutagenic meat]
 30698 | Snake:4  | Got a serpentine rune of Zot
 30995 | Shoals:1 | Entered Level 1 of the Shoals
 31034 | Shoals:1 | Reached skill level 14 in Invocations
 31443 | Shoals:1 | Reached skill level 15 in Shields
 32582 | Shoals:3 | Noticed Polyphemus
 32622 | Shoals:3 | Killed Polyphemus
 32725 | Shoals:3 | Reached skill level 10 in Evocations
 32744 | Shoals:3 | Got a fabulously ornate robe
 32745 | Shoals:3 | Identified the +0 robe "Fupeses" {rF- MR++ Int+4 Dex+2} (You found it on level 3 of the Shoals)
 32748 | Shoals:3 | Identified a scroll of acquirement
 32749 | Shoals:3 | Got a pair of ichor-stained boots
 32760 | Shoals:3 | Identified the +0 pair of boots of Rurphias {rN+ MR+} (You acquired it on level 3 of the Shoals)
 32815 | Shoals:3 | Reached XP level 21. HP: 141/141 MP: 36/36
 33346 | Shoals:4 | Entered Level 4 of the Shoals
 33402 | Shoals:4 | Noticed Ilsuiw
 33431 | Shoals:4 | Killed Ilsuiw
 33640 | Shoals:4 | Got a barnacled rune of Zot
 34035 | Shoals:4 | Identified the Almanac of Creative Earth
 34547 | Vaults:1 | Entered Level 1 of the Vaults
 34591 | Vaults:1 | Reached skill level 15 in Invocations
 34602 | Vaults:1 | Gained mutation: You expend magic power (3 MP) to strengthen your wands. [potion of mutation]
 34602 | Vaults:1 | Gained mutation: Armour fits poorly on your strangely shaped body. [potion of mutation]
 34602 | Vaults:1 | Gained mutation: You occasionally shout uncontrollably at your foes. [potion of mutation]
 34668 | Vaults:1 | Noticed Jorgrun
 34677 | Vaults:1 | Killed Jorgrun
 34965 | Vaults:1 | Reached XP level 22. HP: 150/150 MP: 37/37
 35088 | Vaults:1 | Reached skill level 10 in Staves
 35334 | Vaults:1 | Learned a level 5 spell: Summon Forest
 35561 | Vaults:1 | Reached skill level 1 in Summonings
 35566 | Vaults:1 | Gained mutation: Your magical capacity is low. (-10% MP) [mutagenic meat]
 35568 | Vaults:1 | Lost mutation: You are frail. (-10% HP) [mutagenic meat]
 35573 | Vaults:1 | Lost mutation: You are agile. (Dex +2) [mutagenic meat]
 35574 | Vaults:1 | Lost mutation: You occasionally shout uncontrollably at your foes. [mutagenic meat]
 35773 | Vaults:1 | Found Humaf's Antique Weapon Shoppe.
 35820 | Vaults:2 | Reached skill level 1 in Translocations
 36023 | Vaults:2 | Lost mutation: You are surrounded by a mild repulsion field. (EV +2) [mutagenic meat]
 36024 | Vaults:2 | Gained mutation: You are partially covered in large bone plates. (SH +4) [mutagenic meat]
 36545 | Vaults:2 | Reached skill level 16 in Invocations
 36563 | Vaults:2 | Found a roughly hewn altar of Beogh.
 36650 | Vaults:2 | Reached XP level 23. HP: 177/177 MP: 34/34
 37152 | Vaults:2 | Got a brightly glowing leather armour
 37153 | Vaults:2 | Identified the +1 leather armour of Jaliar Beum {SInv Stlth+} (You found it on level 2 of the Vaults)
 37261 | Vaults:2 | Reached skill level 1 in Crossbows
 37544 | Vaults:3 | Found a staircase to the Crypt.
 37628 | Vaults:3 | Reached skill level 5 in Summonings
 38150 | Vaults:3 | Gained mutation: Your flesh is cold resistant. (rC+) [mutagenic meat]
 38151 | Vaults:3 | Lost mutation: You are partially covered in iridescent scales. (AC +2) [mutagenic meat]
 38152 | Vaults:3 | Gained mutation: Your mind is very acute. (Int +4) [mutagenic meat]
 38153 | Vaults:3 | Gained mutation: You are weak. (Str -2) [mutagenic meat]
 38174 | Vaults:3 | Lost mutation: You possess an exceptional clarity of mind. [mutagenic meat]
 38176 | Vaults:3 | Gained mutation: You are partially covered in iridescent scales. (AC +2) [mutagenic meat]
 38177 | Vaults:3 | Lost mutation: You are weak. (Str -2) [mutagenic meat]
 38200 | Vaults:3 | Got a glittering glass ring
 38201 | Vaults:3 | Identified the ring of Ceipup {+Blink Int-2 Dex+4 Stlth+} (You found it on level 3 of the Vaults)
 38732 | Vaults:3 | Got a steaming hunting sling
 38736 | Vaults:3 | Identified the cursed +1 hunting sling of Makhleb's Favour {velocity, +Blink rPois rC++ Str-3} (You found it on level 3 of the Vaults)
 38987 | Vaults:4 | Reached skill level 5 in Translocations
 39320 | Vaults:4 | Reached XP level 24. HP: 186/186 MP: 34/34
 39377 | Vaults:4 | Gained mutation: Your flesh is very cold resistant. (rC++) [mutagenic meat]
 39420 | Vaults:4 | Noticed Aizul
 39446 | Vaults:4 | Reached skill level 5 in Crossbows
 39461 | Vaults:4 | Killed Aizul
 39506 | Vaults:4 | Lost mutation: Your mind is very acute. (Int +4) [mutagenic meat]
 39508 | Vaults:4 | Gained mutation: Your natural rate of healing is unusually fast. [mutagenic meat]
 39524 | Vaults:4 | Lost mutation: Your body often deteriorates upon taking damage. [mutagenic meat]
 39539 | Vaults:4 | Lost mutation: Your mind is acute. (Int +2) [mutagenic meat]
 40038 | Vaults:4 | Found Lerch's Food Shop.
 40347 | Vaults:4 | Found Sianwimn's Book Boutique.
 40797 | Elf:1    | Entered Level 1 of the Elven Halls
 40921 | Elf:1    | Reached skill level 15 in Fighting
 41636 | Elf:1    | Gained mutation: You are robust. (+10% HP) [mutagenic meat]
 41637 | Elf:1    | Lost mutation: You are partially covered in iridescent scales. (AC +2) [mutagenic meat]
 42027 | Elf:2    | Found a runed door.
 42053 | Elf:2    | Found a runed door.
 42139 | Elf:2    | Gained mutation: You have a beak for a mouth. [mutagenic meat]
 42140 | Elf:2    | Gained mutation: Your flesh is heat resistant. (rF+) [mutagenic meat]
 42214 | Elf:2    | Reached XP level 25. HP: 214/214 MP: 34/34
 42486 | Elf:3    | Entered Level 3 of the Elven Halls
 42502 | Elf:3    | Noticed M4edhros's ghost (adept OpAr)
 42532 | Elf:3    | Killed M4edhros's ghost
 43388 | Elf:3    | Got a pair of distressingly furry boots
 43389 | Elf:3    | Identified the +1 pair of boots of Hukuca {+Blink rPois rF++ MP+9} (You found it on level 3 of the Elven Halls)
 43398 | Elf:3    | Got a warped mace
 43399 | Elf:3    | Identified the +12 mace of Ash {drain, rPois Int+2 Stlth+} (You found it on level 3 of the Elven Halls)
 43511 | Elf:3    | Got a shimmering jade ring
 43512 | Elf:3    | Identified the ring of Luptuas {*Tele rF- Str+5 Int+3} (You found it on level 3 of the Elven Halls)
 43526 | Elf:3    | Learned a level 6 spell: Darkness
 43666 | Elf:3    | Got a glittering golden ring
 44085 | Snake:1  | Bought the +10 quarterstaff of the Firefly {holy, MP+9 Int+3} for 1341 gold pieces
 44085 | Snake:1  | Identified the ring "Piquab" {rElec rF++ rN+ Stlth-} (You took it off a deep elf mage on level 3 of the Elven Halls)
 44191 | Snake:4  | Learned a level 6 spell: Statue Form
 44621 | Crypt:1  | Entered Level 1 of the Crypt
 44757 | Crypt:1  | Reached skill level 17 in Invocations
 45198 | Crypt:1  | Reached skill level 1 in Earth Magic
 45466 | Crypt:1  | Reached skill level 1 in Transmutations
 45783 | Crypt:1  | Reached XP level 26. HP: 139/224 MP: 35/35
 45797 | Crypt:2  | Noticed Jory
 45831 | Crypt:2  | Killed Jory
 45896 | Crypt:2  | Noticed Xtahua
 45966 | Crypt:2  | Killed Xtahua
 46548 | Crypt:3  | Entered Level 3 of the Crypt
 46955 | Crypt:3  | Noticed an ancient lich
 46963 | Crypt:3  | Killed an ancient lich
 46988 | Crypt:3  | Found a basalt altar of Yredelemnul.
 47115 | Crypt:3  | Noticed Mara
 47125 | Crypt:3  | Noticed M4edhros's illusion
 47243 | Crypt:3  | Noticed M4edhros's illusion
 47434 | Crypt:3  | Noticed M4edhros's illusion
 47449 | Crypt:3  | Killed Mara
 47522 | Crypt:3  | Reached skill level 10 in Dodging
 47555 | Crypt:3  | Reached skill level 5 in Earth Magic
 47640 | Crypt:3  | Found a staircase to the Tomb.
 48146 | Vaults:5 | Entered Level 5 of the Vaults
 48179 | Vaults:5 | Reached XP level 27. HP: 196/235 MP: 36/36
 48187 | Vaults:5 | Reached skill level 5 in Transmutations
 48226 | Vaults:5 | Noticed an ancient lich
 48274 | Vaults:5 | Killed an ancient lich
 48274 | Vaults:5 | Reached skill level 18 in Invocations
 48341 | Vaults:5 | Reached skill level 10 in Crossbows
 48434 | Vaults:5 | Gained mutation: You are weak. (Str -2) [mutagenic meat]
 48477 | Vaults:5 | Gained mutation: Your system is resistant to poisons. (rPois) [mutagenic meat]
 48794 | Vaults:5 | Identified Sif Muna's Handbook of the Congealing Oath
 48863 | Vaults:5 | Got a pair of slimy boots
 48864 | Vaults:5 | Identified the +5 pair of boots "Alociafi" {rN++ rCorr Dex-3 Stlth+} (You found it on level 5 of the Vaults)
 48918 | Vaults:5 | Identified the Volume of Mutagenic Damage Dealing
 48929 | Vaults:5 | Got a polished crystal plate armour
 48930 | Vaults:5 | Identified the +1 crystal plate armour of the Last Ships {rPois} (You acquired it on level 5 of the Vaults)
 48958 | Vaults:5 | Got a bound iron amulet
 48982 | Vaults:5 | Identified the amulet "Yczid" {-Tele rC+ Regen+ Str+3 Int+2} (You found it on level 5 of the Vaults)
 48989 | Vaults:5 | Gained mutation: Your mind is acute. (Int +2) [potion of beneficial mutation]
 49077 | Vaults:5 | Reached skill level 1 in Bows
 49132 | Vaults:5 | Noticed an ancient lich
 49160 | Vaults:5 | Killed an ancient lich
 49706 | Vaults:5 | Got a silver rune of Zot
 49918 | Vaults:5 | Learned a level 5 spell: Yara's Violent Unravelling
 50415 | Vaults:5 | Lost mutation: Your body sometimes deteriorates upon taking damage. [mutagenic meat]
 50424 | Vaults:5 | Lost mutation: You are robust. (+10% HP) [mutagenic meat]
 50425 | Vaults:5 | Gained mutation: Your magical capacity is very low. (-20% MP) [mutagenic meat]
 50426 | Vaults:5 | Lost mutation: Your flesh is heat resistant. (rF+) [mutagenic meat]
 50864 | Slime:1  | Entered Level 1 of the Pits of Slime
 51129 | Slime:3  | Gained mutation: You are clumsy. (Dex -2) [a shining eye]
 51223 | Slime:3  | Gained mutation: Scrolls take you a little longer to read. [a shining eye]
 51225 | Slime:3  | Gained mutation: Your body sometimes deteriorates upon taking damage. [a shining eye]
 51231 | Slime:3  | Reached skill level 15 in Spellcasting
 51405 | Slime:5  | Entered Level 5 of the Pits of Slime
 51428 | Slime:5  | Noticed the Royal Jelly
 51614 | Slime:5  | Lost mutation: Your mind is acute. (Int +2) [a shining eye]
 51851 | Slime:5  | Killed the Royal Jelly
 51851 | Slime:5  | Reached skill level 19 in Invocations
 52063 | Slime:5  | Got a faintly glowing quarterstaff
 52064 | Slime:5  | Identified the +8 quarterstaff of Wuypenur {pain, rPois rF+ Str+4 Dex-2} (You found it on level 5 of the Pits of Slime)
 52069 | Slime:5  | Got a dazzling halberd
 52070 | Slime:5  | Identified the +5 halberd of Untruth {chop, MR+ Int+4 SInv} (You found it on level 5 of the Pits of Slime)
 52082 | Slime:5  | Learned a level 5 spell: Aura of Abjuration
 52100 | Slime:5  | Got an iridescent trident
 52101 | Slime:5  | Identified the cursed +1 trident of Guilt {freeze, Str+6} (You found it on level 5 of the Pits of Slime)
 52122 | Slime:5  | Identified Zeih's Guide on Confrontation and Transmutation
 52131 | Slime:5  | Got a slimy rune of Zot
 52157 | Slime:5  | Got a translucent plate armour
 52160 | Slime:5  | Identified the +3 plate armour of the Okapi {rN+ Str+4 Stlth-} (You found it on level 5 of the Pits of Slime)
 52175 | Slime:5  | Got a transparent halberd
 52176 | Slime:5  | Identified the +7 halberd of Turmoil {holy, *Drain +Blink rPois} (You found it on level 5 of the Pits of Slime)
 52181 | Slime:5  | Got a jewelled morningstar
 52182 | Slime:5  | Identified the +6 morningstar "Qiprar" {pain, MR+ Int+6} (You found it on level 5 of the Pits of Slime)
 52274 | Slime:3  | Gained mutation: You are frail. (-10% HP) [a shining eye]
 52275 | Slime:3  | Gained mutation: You are very clumsy. (Dex -4) [a shining eye]
 52276 | Slime:3  | Gained mutation: You are very frail. (-20% HP) [a shining eye]
 52466 | D:8      | Lost mutation: Your system is resistant to poisons. (rPois) [mutagenic meat]
 52467 | D:8      | Lost mutation: Your body sometimes deteriorates upon taking damage. [mutagenic meat]
 52468 | D:8      | Lost mutation: You expend magic power (3 MP) to strengthen your wands. [mutagenic meat]
 52469 | D:8      | Lost mutation: You are very frail. (-20% HP) [mutagenic meat]
 52471 | D:8      | Lost mutation: Scrolls take you a little longer to read. [mutagenic meat]
 52735 | Elf:3    | Lost mutation: You are frail. (-10% HP) [potion of cure mutation]
 52735 | Elf:3    | Lost mutation: Your magical capacity is very low. (-20% MP) [potion of cure mutation]
 52735 | Elf:3    | Lost mutation: You are very clumsy. (Dex -4) [potion of cure mutation]
 52735 | Elf:3    | Lost mutation: Your magical capacity is low. (-10% MP) [potion of cure mutation]
 52735 | Elf:3    | Lost mutation: You are clumsy. (Dex -2) [potion of cure mutation]
 53046 | D:15     | Killed nago's ghost
 53354 | Depths:1 | Entered Level 1 of the Depths
 56617 | D:15     | Learned a level 3 spell: Portal Projectile
 56657 | Depths:1 | Found Diment Zoigi's Magic Scroll Shoppe.
 56662 | Depths:1 | Got a bone whip
 56663 | Depths:1 | Identified the cursed +1 whip of Virtue {elec, rPois rC+ rN++} (You found it on level 1 of the Depths)
 56759 | Depths:1 | Bought a scroll of enchant weapon for 120 gold pieces
 56773 | Depths:1 | Bought a scroll of brand weapon for 320 gold pieces
 56833 | Depths:1 | Reached skill level 10 in Earth Magic
 56868 | Depths:1 | Lost mutation: Armour fits poorly on your strangely shaped body. [mutagenic meat]
 56869 | Depths:1 | Gained mutation: You are somewhat resistant to further mutation. [mutagenic meat]
 56877 | Depths:1 | Gained mutation: Armour fits poorly on your strangely shaped body. [mutagenic meat]
 56898 | Depths:1 | Lost mutation: Your natural rate of healing is unusually fast. [mutagenic meat]
 56899 | Depths:1 | Gained mutation: You are clumsy. (Dex -2) [mutagenic meat]
 56900 | Depths:1 | Gained mutation: Your body sometimes deteriorates upon taking damage. [mutagenic meat]
 56903 | Depths:1 | Gained mutation: You expend magic power (3 MP) to strengthen your wands. [mutagenic meat]
 56933 | Depths:1 | Reached skill level 5 in Bows
 57108 | Depths:1 | Found a one-way gate leading to the halls of Pandemonium.
 57249 | Depths:1 | Noticed Margery
 57270 | Depths:1 | Killed Margery
 57289 | Depths:1 | Reached skill level 10 in Transmutations
 57310 | Depths:1 | Found a gateway to Hell.
 57350 | Depths:1 | Found a runed door.
 57485 | Depths:1 | Identified the Disquisition on Orientation and Darkness
 57612 | Depths:1 | Gained mutation: Your flesh is almost immune to the effects of cold. (rC+++) [mutagenic meat]
 58094 | Depths:1 | Found a radiant altar of Vehumet.
 58094 | Depths:1 | Noticed an ancient lich
 58110 | Depths:1 | Killed an ancient lich
 58115 | Depths:1 | Identified the Grimoire of Battle Magic
 58166 | Hell     | Entered the Vestibule of Hell
 58166 | Hell     | Noticed Geryon
 58393 | Depths:2 | Noticed the Enchantress
 58452 | Depths:2 | Killed the Enchantress
 58472 | Depths:2 | Got faerie dragon scales
 59108 | Depths:2 | Gained mutation: You are resistant to hostile enchantments. (MR+) [mutagenic meat]
 59211 | Depths:2 | Found a one-way gate to the infinite horrors of the Abyss.
 59362 | D:14     | Learned a level 4 spell: Summon Lightning Spire
 59444 | Depths:2 | Identified the +2 faerie dragon scales {*Drain rC+ MR+ rCorr MP+4 Int+2} (You took it off the Enchantress on level 2 of the Depths)
 59615 | Depths:2 | Gained mutation: Your flesh is heat resistant. (rF+) [mutagenic meat]
 60350 | Depths:2 | Identified the Guide on the Birds
 60357 | Depths:2 | Identified the Catalogue of the Glacier
 60538 | Depths:3 | Noticed a juggernaut
 60566 | Depths:3 | Killed a juggernaut
 60971 | Depths:3 | Reached skill level 20 in Invocations
 60986 | Depths:3 | Found a radiant altar of Vehumet.
 61040 | Depths:3 | Found Zaynor's Jewellery Emporium.
 61042 | Depths:3 | Found Lupeq's Gadget Boutique.
 61043 | Depths:3 | Found Anomefy's Jewellery Emporium.
 61050 | Depths:3 | Bought a box of beasts for 280 gold pieces
 61050 | Depths:3 | Bought a sack of spiders for 280 gold pieces
 61050 | Depths:3 | Bought a box of beasts for 280 gold pieces
 62084 | Depths:4 | Reached skill level 10 in Polearms
 62162 | Depths:4 | Noticed a juggernaut
 62183 | Depths:4 | Killed a juggernaut
 62266 | Depths:4 | Found a glowing silver altar of Zin.
 62308 | Depths:4 | Got a coiled silver ring
 62311 | Depths:4 | Identified the ring of Lady Luck {*Corrode rPois rC+++ Str+3 Int+3} (You took it off a tengu warrior on level 4 of the Depths)
 62581 | Depths:4 | Found a radiant altar of Vehumet.
 62693 | Depths:4 | Noticed HagarQim's ghost (adept DsGl)
 62742 | Depths:4 | Found a shadowy altar of Dithmenos.
 62804 | Depths:4 | Killed HagarQim's ghost
 62877 | Depths:4 | Got a pair of faintly humming gloves
 62878 | Depths:4 | Identified the +2 pair of gloves of Catatonia {rF+ MR+++ Slay-5} (You found it on level 4 of the Depths)
 64874 | Depths:4 | Found a sparkling altar of Nemelex Xobeh.
 65101 | Depths:4 | Reached skill level 10 in Bows
 65204 | Depths:5 | Entered Level 5 of the Depths
 65237 | Depths:5 | Noticed a juggernaut
 65439 | Depths:5 | Noticed a juggernaut
 65454 | Depths:5 | Killed a juggernaut
 65523 | Depths:5 | Found a gateway to a ziggurat.
 65712 | Depths:5 | Found a gate to the Realm of Zot.
 65992 | Depths:5 | Found a portal to a secret trove of treasure.
 66357 | Depths:5 | You paid a toll of a +5 demon blade to enter a treasure trove
 66358 | Trove    | Entered a treasure trove
 66374 | Trove    | Identified Sif Muna's Reference Book on the Creative Traveller
 66389 | Trove    | Identified Sif Muna's Grimoire of Transformation and the Oath
 66409 | Trove    | Identified Sif Muna's Compendium of Gliding Malediction
 66418 | Trove    | Got a pair of ancient gloves
 66429 | Trove    | Identified the +1 pair of gloves "Tistreax" {MR++ MP-9 Dex+7} (You acquired it in a treasure trove)
 66674 | Zig:1    | Entered Level 1 of a ziggurat
 66709 | Zig:2    | Entered Level 2 of a ziggurat
 66766 | Zig:3    | Entered Level 3 of a ziggurat
 66817 | Zig:3    | Lost mutation: Your body sometimes deteriorates upon taking damage. [potion of cure mutation]
 66817 | Zig:3    | Lost mutation: You are somewhat resistant to further mutation. [potion of cure mutation]
 66817 | Zig:3    | Lost mutation: You expend magic power (3 MP) to strengthen your wands. [potion of cure mutation]
 66817 | Zig:3    | Lost mutation: You are clumsy. (Dex -2) [potion of cure mutation]
 66817 | Zig:3    | Lost mutation: You are weak. (Str -2) [potion of cure mutation]
 66817 | Zig:3    | Lost mutation: Your flesh is heat resistant. (rF+) [potion of cure mutation]
 66883 | Zig:4    | Entered Level 4 of a ziggurat
 66928 | Zig:4    | Gained mutation: You are clumsy. (Dex -2) [mutagenic meat]
 66931 | Zig:4    | Gained mutation: You are very clumsy. (Dex -4) [mutagenic meat]
 66961 | Zig:4    | Got a fine battleaxe
 66966 | Zig:5    | Entered Level 5 of a ziggurat
 67030 | Zig:5    | Gained mutation: You evolve. [mutagenic meat]
 67031 | Zig:5    | Gained mutation: Potions are less effective at restoring your health. [mutagenic meat]
 67032 | Zig:5    | Gained mutation: Your spells are a little easier to cast, but a little less powerful. [mutagenic meat]
 67110 | Zig:5    | Identified the +3 battleaxe "Wereabra" {freeze, *Slow rPois rC+ MR+} (You found it on level 4 of a ziggurat)
 67113 | Zig:6    | Entered Level 6 of a ziggurat
 67190 | Zig:7    | Entered Level 7 of a ziggurat
 67235 | Zig:7    | Gained mutation: You are partially covered in thin metallic scales. (AC +2) [mutagenic meat]
 67236 | Zig:7    | Lost mutation: You evolve. [mutagenic meat]
 67237 | Zig:7    | Lost mutation: You are resistant to hostile enchantments. (MR+) [mutagenic meat]
 67242 | Zig:7    | Gained mutation: Scrolls take you a little longer to read. [mutagenic meat]
 67266 | Zig:7    | Identified the Compendium of Contamination and Changing
 67276 | Zig:7    | Got a transparent quarterstaff
 67279 | Zig:7    | Identified the +7 quarterstaff "Jaimaur" {drain, Str+6 Stlth-} (You found it on level 7 of a ziggurat)
 67298 | Zig:7    | Lost mutation: Your flesh is almost immune to the effects of cold. (rC+++) [potion of cure mutation]
 67298 | Zig:7    | Lost mutation: Scrolls take you a little longer to read. [potion of cure mutation]
 67298 | Zig:7    | Lost mutation: Armour fits poorly on your strangely shaped body. [potion of cure mutation]
 67298 | Zig:7    | Lost mutation: Your spells are a little easier to cast, but a little less powerful. [potion of cure mutation]
 67298 | Zig:7    | Lost mutation: You are very clumsy. (Dex -4) [potion of cure mutation]
 67307 | Zig:8    | Entered Level 8 of a ziggurat
 67376 | Zig:8    | Got a bloodstained glaive
 67389 | Zig:8    | Identified the +5 glaive of the Mind {chop, rF+} (You found it on level 8 of a ziggurat)
 67394 | Zig:8    | Identified Uciodur's Disquisition on Frigorific Good Luck
 67426 | Zig:9    | Entered Level 9 of a ziggurat
 67554 | Zig:10   | Entered Level 10 of a ziggurat
 67669 | Zig:10   | Got a sapphire spear
 67670 | Zig:10   | Identified the +6 spear "Wyry" {pierce, rN++} (You found it on level 10 of a ziggurat)
 67681 | Zig:11   | Entered Level 11 of a ziggurat
 67695 | Zig:11   | Noticed Hudos the pandemonium lord
 67699 | Zig:11   | Gained mutation: Your spells are a little easier to cast, but a little less powerful. [a cacodemon]
 67700 | Zig:11   | Reached skill level 21 in Invocations
 67700 | Zig:11   | Gained mutation: Potions are poor at restoring your health. [a cacodemon]
 67702 | Zig:11   | Gained mutation: You are frail. (-10% HP) [a cacodemon]
 67719 | Zig:11   | HP: 3/257 [torturous warmonger/demon trident of venom (21)]
 67724 | Zig:11   | Reached skill level 10 in Necromancy
 67728 | Zig:11   | Lost mutation: You are clumsy. (Dex -2) [potion of cure mutation]
 67728 | Zig:11   | Lost mutation: Potions are poor at restoring your health. [potion of cure mutation]
 67728 | Zig:11   | Lost mutation: Your flesh is very cold resistant. (rC++) [potion of cure mutation]
 67728 | Zig:11   | Lost mutation: Your spells are a little easier to cast, but a little less powerful. [potion of cure mutation]
 67728 | Zig:11   | Lost mutation: You are partially covered in large bone plates. (SH +4) [potion of cure mutation]
 67728 | Zig:11   | Lost mutation: You are frail. (-10% HP) [potion of cure mutation]
 67728 | Zig:11   | Lost mutation: You are partially covered in thin metallic scales. (AC +2) [potion of cure mutation]
 67753 | Zig:11   | Killed Hudos the pandemonium lord
 67889 | Zig:11   | Gained mutation: You have large cloven feet. [potion of beneficial mutation]
 67943 | Zot:1    | Entered Level 1 of the Realm of Zot
 68096 | Zot:1    | Got a faintly humming cloak
 68107 | Zot:1    | Identified the +0 cloak of Iddasoz {rN+} (You acquired it on level 1 of the Realm of Zot)
 68834 | Zot:1    | Noticed Geomchi's ghost (veteran HuSu)
 68889 | Zot:1    | Killed Geomchi's ghost
 68977 | Zot:1    | Reached skill level 15 in Evocations
 69296 | Zot:2    | Noticed an orb of fire
 69303 | Zot:2    | Gained mutation: You are clumsy. (Dex -2) [an orb of fire]
 69489 | Hell     | Noticed Murray
 69804 | Depths:5 | Killed Murray
 69903 | Hell     | Killed Geryon
 69929 | Hell     | Found a gateway to the decaying netherworld of Tartarus.
 69992 | Hell     | Found a gateway to the ashen valley of Gehenna.
 70088 | Hell     | Found a gateway to the Iron City of Dis.
 70210 | Hell     | Found a gateway to the freezing wastes of Cocytus.
 70405 | Tar:1    | Entered Level 1 of Tartarus
 70793 | Tar:1    | Reached skill level 15 in Bows
 71336 | Tar:2    | Lost mutation: You are clumsy. (Dex -2) [mutagenic glow]
 71910 | Tar:5    | Reached skill level 22 in Invocations
 71942 | Tar:5    | Lost mutation: Potions are less effective at restoring your health. [mutagenic glow]
 72202 | Tar:7    | Entered Level 7 of Tartarus
 73781 | Tar:7    | Got a clouded tin ring
 73871 | Tar:7    | Gained mutation: You possess an exceptional clarity of mind. [mutagenic glow]
 73891 | Tar:7    | Reached skill level 1 in Ice Magic
 74366 | Tar:7    | Noticed Ereshkigal
 74409 | Tar:7    | Killed Ereshkigal
 74409 | Tar:7    | Reached skill level 5 in Ice Magic
 74428 | Tar:7    | Identified the Grimoire of Sinister Confrontation
 74437 | Tar:7    | Got a slimy wooden ring
 74440 | Tar:7    | Got a bone rune of Zot
 75180 | Depths:5 | Identified the ring "Perogrot" {rC+ Slay+1} (You found it on level 7 of Tartarus)
 75181 | Depths:5 | Identified the ring of Maut {*Contam rElec rN+ Str+4 Dex+4} (You found it on level 7 of Tartarus)
 75990 | Coc:1    | Entered Level 1 of Cocytus
 76381 | Coc:4    | Cast into level 5 of the Abyss (the power of Zot)
 76381 | Abyss:5  | Entered Level 5 of the Abyss
 76590 | Abyss:5  | Got an abyssal rune of Zot
 76640 | Coc:4    | Escaped the Abyss
 76674 | Coc:4    | Reached skill level 10 in Ice Magic
 76822 | Coc:5    | Noticed a shard shrike
 76832 | Coc:5    | Killed a shard shrike
 76936 | Coc:5    | Noticed a shard shrike
 76942 | Coc:5    | Killed a shard shrike
 76956 | Coc:5    | Noticed a shard shrike
 76963 | Coc:5    | Killed a shard shrike
 77027 | Coc:5    | Reached skill level 23 in Invocations
 77206 | Coc:7    | Entered Level 7 of Cocytus
 77296 | Coc:7    | Noticed a shard shrike
 77320 | Coc:7    | Killed a shard shrike
 77703 | Coc:7    | Noticed the Serpent of Hell
 77738 | Coc:7    | HP: 11/224 [the Serpent of Hell (11)]
 77738 | Coc:7    | HP: 3/224 [the Serpent of Hell (8)]
 77739 | Coc:7    | HP: 1/224 [quicksilver dragon/bolt of dispelling energy[the Serpent of Hell] (27)]
 77757 | Coc:7    | HP: 5/224 [storm dragon/bolt of lightning[the Serpent of Hell] (13)]
 77768 | Coc:7    | Killed the Serpent of Hell
 77919 | Coc:7    | Noticed a shard shrike
 77927 | Coc:7    | Killed a shard shrike
 77993 | Coc:7    | Noticed a shard shrike
 77993 | Coc:7    | Noticed a shard shrike
 78019 | Coc:7    | Killed a shard shrike
 78023 | Coc:7    | Reached skill level 15 in Polearms
 78028 | Coc:7    | Killed a shard shrike
 78128 | Coc:7    | Reached skill level 15 in Dodging
 78661 | Coc:7    | Noticed Antaeus
 78693 | Coc:7    | Killed Antaeus
 78765 | Coc:7    | Got a pair of pitted boots
 78766 | Coc:7    | Identified the +0 pair of boots of the Game of Kings {rCorr} (You found it on level 7 of Cocytus)
 78772 | Coc:7    | Got an icy rune of Zot
 79112 | Dis:1    | Entered Level 1 of the Iron City of Dis
 80070 | Dis:7    | Entered Level 7 of the Iron City of Dis
 81017 | Dis:7    | Reached skill level 24 in Invocations
 81401 | Dis:7    | Noticed Dispater
 81454 | Dis:7    | Killed Dispater
 81476 | Dis:7    | Got an iron rune of Zot
 81785 | Dis:7    | Identified the Catalogue of the Mountains and the Traveller
 82715 | Depths:1 | Bought a scroll of recharging for 152 gold pieces
 83027 | Pan      | Entered Pandemonium
 83089 | Pan      | Noticed Uhim the pandemonium lord
 83117 | Pan      | HP: 6/291 [Uhim the pandemonium lord (18)]
 83117 | Pan      | Mangled by Uhim the pandemonium lord

Vault maps used:
D:1:      sevenhm_arrival_forest_fort_small_2, serial_corexii_hall,
          corexii_hall_statues_l, corexii_hall_statues_x, feat_on_display
D:2:      lemuel_doored_altar, nicolae_ashenzari_panopticon, uniq_jessica
D:3:      lemuel_castle_with_subvaults, overflow_temple_1_default,
          tso_oasis_becter, nicolae_gozag_cash_rules_everything_around_me
D:4:      first_bread, uniq_sigmund
D:5:      nicolae_overflow_crystal_walls, tgw_trog, uniq_duvessa,
          uniq_blork_the_orc, uniq_menkaure
D:6:      chequers_temple_overflow_statue_of_worship, uniq_pikel,
          uniq_prince_ribbit1
D:7:      serial_glass, glass_columns_c, glass_columns_a, item_on_display_a,
          grunt_livestock, minivault_10
D:8:      wad_arrow_thing, lair_entry_dummy, enter_ossuary_5,
          nemelex_dance_club_becter, uniq_erica, uniq_psyche, uniq_grum
D:9:      serial_shops, nicolae_shop_statue_plus
D:10:     disabler_island
D:12:     minmay_isolated_rectangles_in_corner, hiddenorc1_lemuel, uniq_erolcha,
          uniq_sonja, uniq_urug
D:14:     hangedman_vaults_entry_quadrant_bands, minmay_staircase_statues,
          uniq_louise
D:15:     grunt_enter_depths_giant_problem, lab_entry_generic, uniq_nessos,
          uniq_josephine, uniq_kirke
Lair:1:   nicolae_quartered_pool_super
Lair:2:   minmay_shoals_entry_lonely_mermaid, lemuel_fruit_fields
Lair:3:   guppyfry_snake_entry_island, zaba_antful_of_joy, grunt_megastairs_4,
          uniq_rupert
Lair:4:   columned_hall_lemuel, ice2_lemuel, uniq_harold
Lair:5:   minmay_guarded_unrand_snakebite, lemuel_fruit_fields,
          lemuel_fruit_tree
Lair:6:   grunt_lair_end_beastmaster, nicolae_slime_entry_slimehenge,
          basic_altar, kb_xom_exploding_sheep, lemuel_fruit_fields,
          serial_bayou_shore_a
Shoals:1: argonaut_golden_fleece
Shoals:3: uniq_polyphemus
Shoals:4: shoals_end_simple, shoal_ilsuiw
Snake:1:  minmay_shoptagon
Snake:2:  serial_shops, nicolae_shop_overgrown_old_shop, nicolae_shop_crystal,
          shop, nicolae_shop_trees, shop, uniq_frances, uniq_vashnia
Snake:3:  serial_shops, shop, stair_cage_wide
Snake:4:  snake_pit, serial_shops, shop
Orc:1:    enter_bailey_3, basic_altar
Orc:2:    st_orc_ogre_mass, uniq_saint_roka
Elf:1:    orc_legates
Elf:2:    serial_sigils_hangedman_leer, guppyfry_elf_garden
Elf:3:    minmay_elf_hall_spiked
Vaults:1: st_spiral_rooms, v_alt_pattern_1, vaults_room_ringed_pool,
          vaults_room_octagon, vaults_room_pool, hangedman_vaults_stream,
          v_pattern_5, vaults_room_door_ring, hangedman_vaults_stagger,
          vaults_mumra_hex, vaults_room_semicircle, ontoclasm_vaults_twist,
          vaults_dpeg_ring, serial_shops, nicolae_shop_crystal, uniq_jorgrun
Vaults:2: nicolae_vaults_big_angled_halls, nicolae_vaults_network_star,
          hangedman_vaults_variations, v_rooms_3,
          nicolae_vaults_yaktaur_gun_rack, special_room_vaults,
          nicolae_vaults_shelves_hall
Vaults:3: v_misc_2, grunt_vaults_focal, v_pattern_3, ontoclasm_vaults_fault,
          dpeg_vaults_monster_row, ontoclasm_vaults_tryst, st_cells, v_rooms_2,
          minmay_crypt_entry_simple_corners
Vaults:4: v_misc_27, v_misc_32, nicolae_vaults_diagonal_hallway_8,
          ontoclasm_vaults_fire_temple, vaults_dpeg_cross,
          nicolae_vaults_shelves_hall, ontoclasm_vaults_hangar, v_misc_17,
          v_misc_18, serial_shops, shop_coins, shop, uniq_aizul
Crypt:1:  statuecave_lemuel, serial_sigils_hangedman_scratch
Crypt:2:  minmay_misc_feat_cross, grunt_megastairs_5, uniq_jory, uniq_xtahua
Crypt:3:  cryptofortress_bobbens, uniq_mara
Depths:1: grunt_decor_fettered, serial_shops, kennysheep_mini, pan_entry,
          grunt_metal_band, grunt_absolute_annihilation
Depths:2: mu_elemental_laboratory, grunt_hell_entry_dis_mu, minmay_door_square,
          minmay_room_of_horrors, infiniplex_staircase_pool_1, uniq_enchantress
Depths:3: minmay_crescents, pan_entry, abyss_entry, old_standard_altar,
          pf_hell_entry_great_geh, minmay_shop_grove, minmay_staircase_bubble
Depths:4: grunt_profane_halls, hell_entry, abyss_entry
Depths:5: grunt_twist_and_shout, enter_ziggurat_e, abyss_entry, hell_entry,
          hex_medium, enter_trove_6, nrook_mini_vaults, basic_stair_grate_trap
Dis:6:    grunt_megastairs_2
Dis:7:    dis_grunt_layers
Coc:5:    grunt_deathspiral_small
Coc:6:    serial_ice
Coc:7:    coc_grunt_cove
Tar:1:    nicolae_tar_cuneiform_city, hangedman_tartarus_temple_path
Tar:4:    lemuel_nasty_fountain
Tar:6:    hangedman_feature_mirror
Tar:7:    tar_minmay_river
Zot:1:    lemuel_halls_of_wrath, st_stairs_13, hangedman_zot_gyre
Abyss:5:  evilmike_abyss_exit_smiterflies, bh_abyss_negative,
          dshaligram_kb_abyss_rune_zappy_water_cross
Pan:      regret_index_pan_draining_boxed
Zig:10:   ziggurat_pillar_centre_dead_trees
Lab:      nicolae_lab_dead_adventurers, nicolae_lab_flowing_pool,
          nicolae_lab_swirl, nicolae_lab_plus, nicolae_lab_arrow, lab_statue,
          nicolae_lab_t_cross, lab_block, labyrinth_lava_lair
Trove:    trove_books_scrolls
Bailey:   bailey_polearm_4, bailey

Skill      XL: |  1  2  3  4  5  6  7  8  9 10 11 12 13 14 15 16 17 18 19 20 21 22 23 24 25 26 27 |
---------------+----------------------------------------------------------------------------------+-----
Slings         | 3 4 5 6 7 |  7.9
Fighting       | 2 3 4 5 6 7 8 10 11 12 13 14 15 16 17 20 | 20.0
Dodging        | 2 3 4 5 6 7 8 9 10 16 | 16.1
Shields        | 1 2 3 5 7 10 11 13 14 15 21 | 21.6
Polearms       | 1 3 4 6 7 17 | 17.4
Hexes          | 4 5 7 |  7.3
Poison Magic   | 5 6 7 |  7.3
Air Magic      | 3 4 5 |  5.0
Invocations    | 2 5 6 8 10 11 12 13 14 15 16 17 24 | 24.1
Armour         | 3 6 11 13 14 | 14.1
Conjurations   | 3 4 |  4.5
Evocations     | 4 5 6 7 8 9 10 11 12 18 | 18.9
Spellcasting   | 3 6 8 9 10 11 13 17 | 17.4
Maces & Flails | 2 5 |  5.0
Staves         | 3 5 7 9 11 12 13 | 13.2
Charms         | 4 5 6 7 8 |  8.0
Necromancy     | 4 5 7 8 14 | 14.9
Summonings     | 4 6 8 9 |  9.6
Translocations | 3 5 7 8 |  8.1
Crossbows      | 4 6 8 9 10 | 10.3
Earth Magic    | 1 5 11 | 11.8
Transmutations | 1 4 14 | 14.3
Bows           | 18 | 18.9
Ice Magic      | 12 | 12.0

Action                   |  1- 3 |  4- 6 |  7- 9 | 10-12 | 13-15 | 16-18 | 19-21 | 22-24 | 25-27 || total
-------------------------+-------+-------+-------+-------+-------+-------+-------+-------+-------++-------
Melee: Flail             |       |   110 |       |       |       |       |       |       |       ||   110
       Scythe            |       |    13 |   244 |    29 |    46 |       |       |       |       ||   332
       Trident           |       |       |    58 |    42 |       |       |       |       |       ||   100
       Halberd           |       |       |       |   667 |  1341 |    98 |       |       |  5210 ||  7316
       Whip              |       |       |       |       |     5 |   708 |       |       |   852 ||  1565
       Lajatang          |       |       |       |       |       |   471 |  1392 |  1861 |  2725 ||  6449
       Peck              |       |       |       |       |       |       |       |     5 |  2794 ||  2799
       Quarterstaff      |       |       |       |       |       |       |       |       |  1443 ||  1443
       Demon trident     |       |       |       |       |       |       |       |       |    55 ||    55
       Kick              |       |       |       |       |       |       |       |       |   381 ||   381
       Morningstar       |       |       |       |       |       |       |       |       |    67 ||    67
 Fire: Hunting sling     |    86 |    53 |   380 |   149 |    68 |       |       |       |       ||   736
       Fustibalus        |       |       |       |       |     9 |       |       |       |       ||     9
       Longbow           |       |       |       |       |       |       |       |       |   942 ||   942
       Triple crossbow   |       |       |       |       |       |       |       |       |    31 ||    31
 Cast: Corona            |       |     7 |    38 |    21 |     2 |       |       |       |       ||    68
       Mephitic Cloud    |       |       |     2 |    11 |    19 |       |    11 |       |     4 ||    47
       Regeneration      |       |       |       |       |       |       |     5 |     1 |   173 ||   179
       Shroud of Golubri |       |       |       |       |       |       |       |       |     4 ||     4
       Spectral Weapon   |       |       |       |       |       |       |       |       |     2 ||     2
       Statue Form       |       |       |       |       |       |       |       |       |    35 ||    35
       Aura of Abjuratio |       |       |       |       |       |       |       |       |    29 ||    29
       Summon Forest     |       |       |       |       |       |       |       |       |     6 ||     6
       Song of Slaying   |       |       |       |       |       |       |       |       |     5 ||     5
       Summon Lightning  |       |       |       |       |       |       |       |       |     5 ||     5
Invok: Upheaval          |       |       |     1 |     3 |       |       |       |       |     8 ||    12
       Elemental Force   |       |       |       |     1 |     2 |       |       |       |       ||     3
       Disaster Area     |       |       |       |       |       |       |       |       |    14 ||    14
 Abil: Dig               |       |     1 |     5 |     9 |    13 |     3 |     2 |       |    27 ||    60
       Evoke Flight      |       |       |       |       |     2 |     1 |    21 |       |     1 ||    25
       End Transformatio |       |       |       |       |       |       |       |       |     1 ||     1
Evoke: Wand              |       |       |     2 |     7 |    21 |    15 |     4 |       |    28 ||    77
       Lamp of fire      |       |       |       |     1 |     2 |     2 |     1 |     1 |    14 ||    21
       Lightning rod     |       |       |       |       |       |       |       |     4 |     4 ||     8
       Box of beasts     |       |       |       |       |       |       |       |       |    13 ||    13
       Phantom mirror    |       |       |       |       |       |       |       |       |     3 ||     3
       Sack of spiders   |       |       |       |       |       |       |       |       |     2 ||     2
  Use: Scroll            |       |    10 |     9 |    17 |    11 |    14 |     8 |     8 |    56 ||   133
       Potion            |       |     6 |    10 |     5 |     4 |     4 |     2 |       |    61 ||    92
 Stab: Sleeping          |       |     1 |       |       |       |       |       |       |       ||     1
       Confused          |       |       |       |     8 |    12 |       |     3 |       |       ||    23
       Petrified         |       |       |       |       |       |       |     9 |       |       ||     9
       Petrifying        |       |       |       |       |       |       |     1 |       |       ||     1
       Distracted        |       |       |       |       |       |       |       |     1 |     6 ||     7
  Eat: Chunk             |     1 |     5 |    22 |    28 |    23 |    18 |    20 |    44 |   128 ||   289
       Royal jelly       |       |       |     1 |     4 |     6 |     2 |     2 |     2 |    11 ||    28
       Bread ration      |       |       |       |       |       |     2 |     2 |     2 |    25 ||    31
       Meat ration       |       |       |       |       |       |       |       |       |     7 ||     7
Armor: Robe              |     9 |    58 |    72 |    22 |       |       |       |       |       ||   161
       Ice dragon scales |       |       |       |   248 |   436 |   204 |   371 |   253 |  2279 ||  3791
       Skin              |       |       |       |    10 |       |       |       |       |   315 ||   325
       Plate armour      |       |       |       |       |       |    76 |       |       |       ||    76
Dodge: Dodged            |    31 |   115 |   302 |   361 |   565 |   657 |   827 |   649 |  5843 ||  9350
       Deflected         |       |       |       |    13 |    27 |    60 |    49 |    30 |   219 ||   398
Block: Buckler           |       |    23 |   181 |   407 |       |       |       |       |       ||   611
       Reflection        |       |       |       |    15 |       |       |       |       |       ||    15
       Shield            |       |       |       |   154 |  1534 |   817 |       |       |   156 ||  2661
       Large shield      |       |       |       |       |       |  1074 |  2583 |  2550 | 17453 || 23660
